 Dungeon Crawl Stone Soup version 0.28-a0-697-g47f3eba078 (webtiles) character file.

Game seed: 443462792489980646

714 mgbnjgdk the Vexing (level 7, -2/32 HPs)
             Began as a Spriggan Enchanter on Oct 23, 2021.
             Slain by an ogre (33 damage)
             ... on level 5 of the Dungeon.
             The game lasted 00:10:37 (6529 turns).

mgbnjgdk the Vexing (Spriggan Enchanter)            Turns: 6529, Time: 00:10:38

Health: -2/32      AC:  3    Str:  6    XL:     7   Next: 41%
Magic:  14/18      EV: 17    Int: 16    God:
Gold:   23         SH:  0    Dex: 16    Spells: 12/20 levels left

rFire   . . .      SeeInvis +   o - +2 dagger (drain)
rCold   . . .      Faith    .   (shield restricted)
rNeg    . . .      Spirit   .   b - +0 robe
rPois   .          Reflect  .   (helmet restricted)
rElec   .          Harm     .   f - +0 cloak
rCorr   .          Rampage  .   (gloves unavailable)
Will    +....                   (boots unavailable)
Stlth   +++.......              (no amulet)
HPRegen 0.10/turn               (no ring)
MPRegen 0.16/turn               (no ring)

@: very quick
A: very small, no large weapons, unfitting armour, see invisible, speed 3
a: no special abilities


You were on level 5 of the Dungeon.
You visited 1 branch of the dungeon, and saw 5 of its levels.

You collected 150 gold pieces.
You spent 127 gold pieces at shops.

Inventory:

Hand Weapons
 a - a +3 dagger of freezing
 o - a +2 dagger of draining (weapon)
Missiles
 l - 7 poisoned darts (quivered)
Armour
 b - a +0 robe (worn)
 f - a +0 cloak (worn)
Scrolls
 h - a scroll of amnesia
 i - a scroll of silence
 n - a scroll of fog
 p - a scroll of teleportation
Potions
 c - a potion of invisibility
 d - 2 potions of attraction
 e - 3 potions of haste
 g - 2 potions of curing
 j - a potion of flight
 k - a potion of heal wounds
 m - a potion of berserk rage {unknown}


   Skills:
 - Level 1.1 Short Blades
 - Level 2.6 Dodging
 - Level 4.4 Stealth
 + Level 7.4 Spellcasting
 + Level 7.8 Hexes


You had 12 spell levels left.
You knew the following spells:

 Your Spells              Type           Power      Damage    Failure   Level
a - Ensorcelled Hibernat  Hex/Ice        36%        N/A       3%          2
b - Tukima's Dance        Hex            31%        N/A       1%          3
c - Dazzling Flash        Conj/Hex       36%        N/A       7%          3

Your spell library contained the following spells:

 Spells                   Type           Power      Damage    Failure   Level
 Confusing Touch          Hex            31%        N/A       1%          3
 Animate Skeleton         Necr           10%        N/A       12%         1
 Apportation              Tloc           10%        N/A       12%         1
 Summon Small Mammal      Summ           20%        N/A       12%         1
 Static Discharge         Conj/Air       5%         N/A       19%         2
 Summon Lightning Spire   Summ/Air       5%         N/A       75%         4
 Lightning Bolt           Conj/Air       2%         1d14      97%         5
 Storm Form               Tmut/Air       2%         N/A       100%        7
 Maxwell's Capacitive Co  Air            2%         ∞         100%        8


Dungeon Overview and Level Annotations

Branches:
Dungeon (5/15)
 Temple: D:4-7

Altars:

Shops:
D:4 ?![

Annotations:
D:5 Duvessa


Innate Abilities, Weirdness & Mutations

You are very small and have problems with some larger weapons.
You are too small for most types of armour.
You have supernaturally acute eyesight. (SInv)
You cover ground extremely quickly. (Speed+++)


Message History

Press: ? - help, Shift-Dir - straight line, f - hound
Aim: a hound (chance to affect: 57%)
The hound looks drowsy...
The helpless hound fails to defend itself.
You impale the hound!!
You kill the hound!
Your life force feels restored.
Casting: Ensorcelled Hibernation (safe; 3% risk of failure)
Confirm with . or Enter, or press ? or * to list all spells.
Aiming: Ensorcelled Hibernation (safe; 3% risk of failure)
Press: ? - help, Shift-Dir - straight line, f - iguana
Aim: an iguana (chance to affect: 57%)
The iguana looks drowsy...
You see here a hound corpse.
The helpless iguana fails to defend itself.
You puncture the iguana! You drain the iguana.
You kill the iguana!
An ogre comes into view. It is wielding a +0 giant club.
You see here an iguana corpse.
Casting: Ensorcelled Hibernation (safe; 3% risk of failure)
Confirm with . or Enter, or press ? or * to list all spells.
Aiming: Ensorcelled Hibernation (safe; 3% risk of failure)
Press: ? - help, Shift-Dir - straight line, f - ogre
Aim: an ogre, wielding a +0 giant club (wandering, hasn't noticed you, chance to affect: 49%)
The ogre shouts!
The ogre resists with some effort.
An ice beast comes into view.
You see here a hound corpse.
Casting: Ensorcelled Hibernation (safe; 3% risk of failure)
Confirm with . or Enter, or press ? or * to list all spells.
Aiming: Ensorcelled Hibernation (safe; 3% risk of failure)
Press: ? - help, Shift-Dir - straight line, f/p - ogre
Aim: an ogre, wielding a +0 giant club (chance to affect: 49%)
The ogre looks drowsy...
The helpless ogre fails to defend itself.
You impale the ogre!!
The ogre is severely wounded.
The ogre hits you with a +0 giant club!!
Ouch! That really hurt!
You die...

########...#
#[)).#.#...###
#...)........##
##...##.......#
###.####.###..## ##.
###....##..#.#...###
#...#..####.#Y..Y......#
#......###<.............
##.....@O††.#.....#....h
#.......#####.....##....
#.....#### #.....###..##
#....# .......###.##
###.# ............## #.
.##.........### # ..
##........#.. ......$.h
#........


You could see an ice beast and an ogre.

Vanquished Creatures
  A phantom (D:4)
  2 howler monkeys
  A centaur zombie (D:3)
  3 hounds (D:5)
  A centaur skeleton (D:4)
  An iguana (D:5)
  A scorpion zombie (D:5)
  An orc wizard (D:5)
  Robin (D:3)
  6 adders
  An ufetubus (D:4)
  A worm (D:4)
  5 dart slugs
  3 orcs (D:5)
  6 ball pythons
  3 endoplasms
  7 giant cockroaches
  24 goblins
  12 hobgoblins
  2 kobolds (D:1)
  A quokka (D:2)
  3 bats
  4 frilled lizards
  3 rats
93 creatures vanquished.

Vanquished Creatures (collateral kills)
  Sigmund (D:3)
1 creature vanquished.

Vanquished Creatures (others)
  3 fungi (D:5)
3 creatures vanquished.

Grand Total: 97 creatures vanquished

Notes
Turn   | Place    | Note
-------+----------+-------------------------------------------
     0 | D:1      | mgbnjgdk the Spriggan Enchanter began the quest for the
                  | Orb.
     0 | D:1      | Reached XP level 1. HP: 9/9 MP: 5/5
   152 | D:1      | Found a faded altar of an unknown god.
   191 | D:2      | Reached XP level 2. HP: 4/13 MP: 7/7
   194 | D:2      | Learned a level 2 spell: Ensorcelled Hibernation
  1437 | D:2      | Reached XP level 3. HP: 8/16 MP: 9/9
  1441 | D:2      | Learned a level 3 spell: Tukima's Dance
  1445 | D:2      | Learned a level 3 spell: Dazzling Flash
  1793 | D:2      | Reached XP level 4. HP: 21/21 MP: 8/11
  1844 | D:2      | Reached skill level 5 in Hexes
  3045 | D:3      | Noticed Robin
  3084 | D:3      | Noticed Sigmund
  3264 | D:3      | Killed Sigmund
  3265 | D:3      | Reached skill level 5 in Spellcasting
  3265 | D:3      | Reached XP level 5. HP: 23/24 MP: 8/14
  3265 | D:3      | Reached XP level 6. HP: 27/28 MP: 8/15
  3434 | D:3      | Killed Robin
  4706 | D:4      | Found Afaced's Armour Shop.
  4759 | D:4      | Found Ydus's Magic Scroll Emporium.
  4762 | D:4      | Bought a scroll of identify for 24 gold pieces
  4762 | D:4      | Bought a scroll of identify for 24 gold pieces
  4762 | D:4      | Bought a scroll of identify for 24 gold pieces
  4794 | D:4      | Found Piciat's Distillery.
  5421 | D:4      | Bought a potion of heal wounds for 55 gold pieces
  5439 | D:5      | Entered Level 5 of the Dungeon
  5449 | D:5      | Reached XP level 7. HP: 30/32 MP: 15/18
  6459 | D:5      | Noticed Duvessa
  6529 | D:5      | Slain by an ogre

Illustrated notes

Levels and vault maps discovered:
D:1:      dpeg_arrival_rooms_a, layout_rooms,
          hellmonk_ecumenical_altar_heavens_door, minivault_4
D:2:      minmay_alternating_diamond, layout_basic
D:3:      layout_basic, uniq_sigmund, uniq_robin
D:4:      cheibrodos_greedy_goblins, layout_loops_cross, serial_shops, shop,
          kennysheep_mini_moat, shop
D:5:      layout_cave_pools, uniq_crazy_yiuf_cottage, uniq_duvessa

Skill      XL: |  1  2  3  4  5  6  7 |
---------------+----------------------+-----
Spellcasting   | 3 4 5 6 7 |  7.4
Hexes          | 4 6 7 |  7.8
Short Blades   | |  1.1
Dodging        | |  2.6
Stealth        | |  4.4

Action                   |  1- 3 |  4- 6 |  7- 9 || total
-------------------------+-------+-------+-------++-------
Melee: Dagger            |    99 |   233 |    80 ||   412
 Cast: Ensorcelled Hiber |    11 |    20 |     6 ||    37
       Tukima's Dance    |       |     1 |       ||     1
  Use: Scroll            |     4 |    10 |     1 ||    15
       Potion            |     1 |     1 |       ||     2
 Stab: Sleeping          |     9 |    20 |     7 ||    36
       Distracted        |       |     1 |       ||     1
Armor: Robe              |    14 |    32 |     4 ||    50
Dodge: Dodged            |    76 |   199 |    56 ||   331

Table legend: (Time is in decaauts)
 A = Elapsed time spent in this place.
 B = Non-inter-level travel time spent in this place.
 C = Inter-level travel time spent in this place.
 D = Time resting spent in this place.
 E = Time spent auto-exploring this place.
 F = Levels seen in this place.
 G = Mean time per level.
                   A        B        C        D        E       F      G
               +--------+--------+--------+--------+--------+-----+--------+
         Total |   5373 |   5240 |    133 |   1848 |   2392 |   5 | 1074.6 |
       Dungeon |   5373 |   5240 |    133 |   1848 |   2392 |   5 | 1074.6 |
               +--------+--------+--------+--------+--------+-----+--------+

Top non-repeatable levels by time:
     D:2: 1552 daAuts
     D:3: 1221 daAuts
     D:4: 990 daAuts
     D:1: 913 daAuts
     D:5: 696 daAuts
